 Dungeon Crawl Stone Soup version 0.30-a0-122-g2a1322497e (webtiles) character file.

Game seed: 2430168598187112193

7 Flugkiller the Sneak (level 1, -5/18 HPs)
             Began as a Demigod Delver on Sept 16, 2022.
             Slain by an iguana (9 damage)
             ... on level 4 of the Dungeon.
             The game lasted 00:01:40 (646 turns).

Flugkiller the Sneak (Demigod Delver)                Turns: 646, Time: 00:01:41

Health: -5/18      AC:  3    Str: 13    XL:     1   Next: 73%
Magic:  12/12      EV: 12    Int: 12    God:
Gold:   54         SH:  0    Dex: 15    Spells: 0/0 levels left

rFire   . . .      SeeInvis .      - Unarmed
rCold   . . .      Faith    .    (no shield)
rNeg    . . .      Spirit   .    a - +0 leather armour
rPois   .          Reflect  .    (no helmet)
rElec   .          Harm     .    (no cloak)
rCorr   .          Rampage  .    (no gloves)
Will    .....                    (no boots)
Stlth   +++.......               (no amulet)
HPRegen 0.06/turn                e - ring of magical power
MPRegen 0.13/turn                (no ring)

@: brilliant, hasted, very quick
A: high MP 1, forlorn, divine attributes
a: no special abilities


You were on level 4 of the Dungeon.
You visited 1 branch of the dungeon, and saw 2 of its levels.

You collected 54 gold pieces.

Inventory:

Armour
 a - a +0 leather armour (worn)
Jewellery
 e - a ring of magical power (left hand)
   (You found it on level 5 of the Dungeon)
Wands
 f - a wand of digging (3)
Scrolls
 b - a scroll of fog
 c - a scroll of magic mapping
 d - a scroll of butterflies {unknown}
 g - a scroll of brand weapon {unknown}


   Skills:
 - Level 2.7 Fighting
 - Level 1.8 Dodging
 - Level 4.5 Stealth
 + Level 2.2 Unarmed Combat


You couldn't memorise any spells.
You didn't know any spells.
Your spell library was empty.

Dungeon Overview and Level Annotations

Branches:
Dungeon (5/15) Zot: 11355
 Temple: D:4-7

Annotations:
D:4 3 runed translucent doors, Xoff's ghost, novice GrEE


Innate Abilities, Weirdness & Mutations

You have an increased reservoir of magic. (+10% MP)
You shall have no god before yourself.
Your divine heritage dramatically boosts your attributes as you level up.


Message History

The dart slug is heavily wounded.
The dart slug barely misses you.
You hit the dart slug.
The dart slug is almost dead.
The dart slug launches a dart at you. The slug dart misses you.
You hit the dart slug but do no damage.
The dart slug is almost dead.
You hit the dart slug.
You kill the dart slug!
Your Unarmed Combat skill increases to level 2!
The kobold brigand shouts!
The kobold shouts!
You open the door.
Xoff's ghost turns its malevolent gaze towards you.
The kobold shouts!
The kobold hits the fungus with a +0 short sword.
The kobold shouts! x2
There is an open door here.
The kobold shouts!
The kobold hits the fungus with a +0 whip of distortion.
Space warps around the fungus.
You open the door.
Something hits the fungus.
The kobold hits the fungus with a +0 whip of distortion.
There is an open door here.
You open the door.
Found a metallic black potion.
There is an open door here.
i - a metallic black potion You open the door.
There is an open door here.
There is an open door here.
Press: ? - help, . - travel You can't see that place. [the floor.]
There is an open door here.
You open the door.
There is an open door here.
A ball python comes into view.
The ball python hisses angrily.
The ball python bites you but does no damage.
The ball python grabs you. The ball python constricts you.
The ball python closely misses you. The ball python constricts you.
You closely miss the ball python. The ball python closely misses you.
The ball python constricts you.
You closely miss the ball python.
The ball python bites you but does no damage.
The ball python constricts you.
You completely miss the ball python. The ball python barely misses you.
The ball python constricts you.
You hit the ball python.
The ball python is severely wounded.
The ball python bites you. The ball python constricts you.
You closely miss the ball python.
The ball python is severely wounded.
The ball python bites you. The ball python constricts you.
You barely miss the ball python.
The ball python is severely wounded.
The ball python closely misses you. The ball python constricts you.
You closely miss the ball python.
The ball python is severely wounded.
The ball python closely misses you. The ball python constricts you.
You barely miss the ball python. You punch the ball python.
You kill the ball python!
No target in view!
You see here a ball python corpse.
You start resting.
HP restored.
Found 14 gold pieces.
Found a ring mail.
You open the door.
There is an open door here.
You open the door.
There is an open door here.
You open the door.
There is an open door here.
There is an open door here.
There is an open door here.
You now have 54 gold pieces (gained 14).
You open the door.
There is an open door here.
There is an open door here.
You open the door.
There is an open door here.
You open the door.
An iguana comes into view.
The iguana hisses angrily.
Okay, then.
It was a potion of brilliance.
You feel clever all of a sudden. The iguana misses you.
You closely miss the iguana. The iguana barely misses you.
You barely miss the iguana. The iguana bites you!
Ouch! That really hurt!
* * * LOW HITPOINT WARNING * * *
You closely miss the iguana. The iguana bites you.
* * * LOW HITPOINT WARNING * * *
Unknown command.
You feel yourself speed up. The iguana bites you!
Ouch! That really hurt!
You die...

##.......#.....##..###'#######
.#.......#.....##..#.........#
.#..[....#.....##..'.........#
.#.......'.........#.....g...+
.'.......#.........#......g.[# ..
#####....#.........#.........#...
# ##...########..#########'#...
K. ##..#.....##..#.......g....#
K## #..#.....l@..#.......g....#


WKK #..#.........#.......g....# K## #..########..#............# KKK
#.........########.>..##### #P8 ###.......# #....# # #.......# +....+ #
#.......# #....# # #.......# ..#### # #.......# ... You could see an iguana.

Vanquished Creatures
  A dart slug (D:4)
  2 endoplasms (D:4)
  A goblin (D:4)
  A ball python (D:4)
5 creatures vanquished.

Vanquished Creatures (others)
  4 fungi (D:4)
4 creatures vanquished.

Grand Total: 9 creatures vanquished

Notes
Turn   | Place    | Note
-------+----------+-------------------------------------------
     0 | D:5      | Flugkiller the Demigod Delver began the quest for the Orb.
     0 | D:5      | Reached XP level 1. HP: 18/18 MP: 3/3
    18 | D:5      | Noticed an ice beast
    20 | D:5      | Noticed a jelly
   150 | D:5      | Noticed a necrophage
   153 | D:5      | Noticed a black bear
   418 | D:4      | Found a runed translucent gate.
   418 | D:4      | Found a runed translucent gate.
   418 | D:4      | Found a runed translucent gate.
   419 | D:4      | Noticed a kobold brigand
   423 | D:4      | Noticed Xoff's ghost (novice GrEE)
   640 | D:4      | Noticed an iguana
   646 | D:4      | Slain by an iguana

Illustrated notes

Levels and vault maps discovered:
D:4:      layout_gridville, minmay_temple_entry_nine_rooms,
          gammafunk_ghost_nasty_kobolds
D:5:      layout_rooms, lemuel_mausoleum_altar_kikubaaqudgha

Skill      XL: |  1 |
---------------+----+-----
Unarmed Combat | 2 |  2.2
Fighting       | |  2.7
Dodging        | |  1.8
Stealth        | |  4.5

Action                   || total
-------------------------++-------
Melee: Unarmed           ||    32
       Punch             ||     2
  Use: Potion            ||     2
       Scroll            ||     1
 Stab: Sleeping          ||     1
Armor: Leather armour    ||     3
Dodge: Dodged            ||    16

Table legend: (Time is in decaauts)
 A = Elapsed time spent in this place.
 B = Non-inter-level travel time spent in this place.
 C = Inter-level travel time spent in this place.
 D = Time resting spent in this place.
 E = Time spent auto-exploring this place.
 F = Levels seen in this place.
 G = Mean time per level.
                   A        B        C        D        E       F      G
               +--------+--------+--------+--------+--------+-----+--------+
         Total |    643 |    597 |     46 |    221 |      0 |   2 |  321.5 |
       Dungeon |    643 |    597 |     46 |    221 |      0 |   2 |  321.5 |
               +--------+--------+--------+--------+--------+-----+--------+

Top non-repeatable levels by time:
     D:4: 591 daAuts
     D:5: 52 daAuts
